 Dungeon Crawl Stone Soup version 0.19-a0-1731-g1e0734d (webtiles) character file.

31134 Naow the Tortoise (level 13, -7/181 (183) HPs)
             Began as a Minotaur Berserker on Sept 30, 2016.
             Was a Priest of Trog.
             Mangled by Snorg (17 damage)
             ... on level 3 of the Lair of Beasts.
             The game lasted 00:56:57 (15493 turns).

Naow the Tortoise (Minotaur Berserker)             Turns: 15493, Time: 00:56:58

HP:   -7/181 (183)  AC: 23    Str: 30    XL:     13   Next: 24%
MP:   12/12         EV: 10    Int: 13    God:    Trog [***...]
Gold: 874           SH:  0    Dex: 10    Spells: 0 memorised, 12 levels left

rFire  + . .     SeeInvis .     H - +7 mace "Glorpo" {crush, *Drain rF+ Str+2}
rCold  . . .     Gourm    .     y - +4 chain mail
rNeg   . . .     Faith    .     (no shield)
rPois  +         Spirit   .     h - +2 hat
rElec  .         Dismiss  .     Z - +0 cloak {MR+}
rCorr  +         Reflect  .     Q - +0 pair of gloves "Duth" {Int+5}
MR     +....     Harm     .     (no boots)
Stlth  ..........               I - amulet of magic regeneration
                                D - ring of resist corrosion
                                o - ring of poison resistance

@: berserking (expiring), drained, very quick
A: retaliatory headbutt, horns 2
a: Berserk, Trog's Hand, Burn Spellbooks, Renounce Religion


You were on level 3 of the Lair of Beasts.
You worshipped Trog.
Trog was most pleased with you.
You were not hungry.

You visited 2 branches of the dungeon, and saw 14 of its levels.

You collected 874 gold pieces.

Inventory:

Hand Weapons
 a - a +1 hand axe
 H - the +7 mace "Glorpo" (weapon) {crush, *Drain rF+ Str+2}
   (You found it on level 4 of the Dungeon)

   It inflicts extra damage upon your enemies.
   It affects your strength (+2).
   It protects you from fire.
   It causes draining when unequipped.
Armour
 h - a +2 hat (worn)
 y - a +4 chain mail (worn)
 K - a +0 cloak
 Q - the +0 pair of gloves "Duth" (worn) {Int+5}
   (You found it on level 8 of the Dungeon)

   It affects your intelligence (+5).
 Z - a +0 cloak of magic resistance (worn)
Jewellery
 o - a ring of poison resistance (left hand)
 D - a ring of resist corrosion (right hand)
 I - an amulet of magic regeneration (around neck)
 S - an uncursed ring of protection from fire
 U - an uncursed ring of see invisible
Wands
 e - a wand of lightning (7/15)
Scrolls
 d - 7 scrolls of remove curse
 f - 8 scrolls of identify
 i - a scroll of fog
 j - a scroll of summoning {unknown}
 L - a scroll of teleportation
Potions
 g - 11 potions of curing
 s - 3 potions of berserk rage
 w - 4 potions of haste
 x - a potion of ambrosia {unknown}
 A - 2 potions of heal wounds
 B - 3 potions of might
 C - 3 potions of agility
 J - a potion of brilliance {unknown}
 P - 2 potions of flight {unknown}
 Y - a potion of invisibility {unknown}
Books
 b - a book of Minor Magic

   Spells                             Type                      Level
   a - Magic Dart                     Conjuration                  1
   b - Blink                          Translocation                2
   c - Call Imp                       Summoning                    2
   d - Repel Missiles                 Charms/Air                   2
   e - Slow                           Hexes                        2
   f - Conjure Flame                  Conjuration/Fire             3
   g - Mephitic Cloud                 Conjuration/Poison/Air       3
   Trog disapproves of the use of such an item.
Comestibles
 c - 6 bread rations
 u - 7 meat rations


   Skills:
 + Level 13.3(13.0) Fighting
 - Level 14.7(14.4) Axes
 - Level 17.4(17.1) Armour
 - Level 2.2(2.0) Dodging


You had 12 spell levels left.
You didn't know any spells.

Dungeon Overview and Level Annotations

Branches:
Dungeon (11/15)            Temple (0/1) D:4            Lair (3/6) D:11
    Orc (0/2) D:11
  Swamp: Lair:2-4    Shoals: Lair:2-4     Snake: Lair:2-4    Spider: Lair:2-4

Altars:
Ashenzari
Cheibriados
Dithmenos
Elyvilon
Gozag
Kikubaaqudgha
Makhleb
Nemelex Xobeh
Okawaru
Qazlal
Sif Muna
Trog
Yredelemnul
Zin

Portals:
Trove: D:10 (give 18 scrolls of identify)

Annotations:
Lair:3 Snorg


Innate Abilities, Weirdness & Mutations

You reflexively headbutt those who attack you in melee.
You have a pair of horns on your head.


Message History

Snorg is severely wounded.
You hit Snorg.
Snorg is severely wounded.
Snorg bites you!
* * * LOW HITPOINT WARNING * * *
Snorg claws you but does no damage. Snorg claws you!
* * * LOW HITPOINT WARNING * * *
You closely miss Snorg.
Snorg is severely wounded.
Snorg barely misses you. Snorg misses you. Snorg barely misses you.
Unknown command.
You sock Snorg! Your headbutt misses Snorg.
Snorg is severely wounded.
Snorg closely misses you. Snorg barely misses you.
Snorg claws you but does no damage.
Your chain mail prevents you from hitting Snorg.
You headbutt Snorg!!
Snorg is almost dead.
Snorg barely misses you. Snorg claws you!
You die...

#...P.###..............
##.######.♣...♣........
# ##...♣.....♣.......
#P♣...........♣.... #
##....|............. #.
#..P.............♣..
#..#♣..................
#.....P................
##....@...##+##.PP.P...
#....)T..# #........
#.........# #P.......
#.........# #.......<
#.........# #........
#.#♣........ .P..♣.. ##
#.....P... ...
#....P....


You could see Snorg (berserk).

Vanquished Creatures
  Gastronok (Lair:3)
  The ghost of Arkorax the Cleaver, a journeyman FoFi of Uskayaw (D:10)
  A hydra (Lair:2)
  10 death yaks
  Nergalle (Lair:3)
  The ghost of Psaro the Grappler, a novice TrHu of Makhleb (D:8)
  3 unseen horrors
  A hill giant (D:11)
  An oklob plant (Lair:2)
  Pikel (D:4)
  A cyclops (D:8)
  2 ugly things (D:11)
  6 spiny frogs
  3 komodo dragons
  A merfolk (D:10)
  Grinder (D:4)
  3 trolls
  A two-headed ogre (D:11)
  4 hippogriffs
  The ghost of Psaro the Caller, an amateur MfSu (D:4)
  A meliai zombie (D:11)
  Sigmund (D:3)
  2 wraiths (D:11)
  A shadow (D:11)
  A basilisk (Lair:3)
  2 humans (D:9)
  10 yaks (D:10)
  2 hungry ghosts
  4 water moccasins
  4 porcupines
  5 ice beasts
  6 orc warriors
  A slave (D:4)
  3 phantoms
  A necrophage (D:11)
  4 sky beasts
  An eye of draining (D:10)
  A wasp (D:11)
  3 centaurs
  4 ogres
  3 wolves (Lair:1)
  5 crocodiles
  4 big kobolds
  10 bullfrogs
  3 wyvern zombies
  4 scorpions
  4 wights (D:8)
  3 electric eels (D:10)
  6 howler monkeys
  2 bullfrog zombies
  7 crimson imps
  2 centaur zombies
  11 hounds
  4 jellies
  10 orc priests
  Crazy Yiuf (D:4)
  12 orc wizards
  2 bullfrog skeletons
  11 iguanas
  Natasha (D:4)
  10 worker ants
  6 hell rats (Lair:3)
  A hound zombie (D:8)
  4 hound skeletons
  3 worker ant zombies
  Robin (D:4)
  19 adders
  11 gnolls
  30 river rats
  2 oozes
  6 worms
  5 leopard geckos
  49 orcs
  7 giant cockroaches
  12 hobgoblins
  10 jackals
  A quokka (D:8)
  4 ball pythons
  17 bats
  4 frilled lizards
  21 goblins
  18 kobolds
  2 quokka skeletons (D:8)
  A quokka zombie (D:5)
  14 rats
  A bush (Lair:2)
  A fungus (D:4)
466 creatures vanquished.

Vanquished Creatures (collateral kills)
  A hydra (D:11)
  A hippogriff (D:11)
  A necrophage (D:11)
  A crocodile (D:11)
  A hound zombie (D:11)
  An adder (D:11)
  A shadow imp (D:11)
7 creatures vanquished.

Vanquished Creatures (others)
  Natasha (twice) (D:4)
  A quokka (D:4)
  24 fungi
  26 plants
53 creatures vanquished.

Grand Total: 526 creatures vanquished

Notes
Turn   | Place    | Note
-------+----------+-------------------------------------------
     0 | D:1      | Naow the Minotaur Berserker began the quest for the Orb.
     0 | D:1      | Reached XP level 1. HP: 19/19 MP: 0/0
   159 | D:1      | Reached XP level 2. HP: 24/27 MP: 1/1
   735 | D:1      | Reached XP level 3. HP: 33/33 MP: 2/2
   982 | D:2      | Reached ** piety under Trog
   984 | D:2      | Reached skill level 5 in Axes
  1190 | D:2      | Found a burning altar of Makhleb.
  1520 | D:2      | Reached XP level 4. HP: 26/40 MP: 3/3
  2528 | D:3      | Reached XP level 5. HP: 39/46 MP: 4/4
  2540 | D:3      | HP: 2/69 [something/puff of flame (10)]
  2901 | D:3      | Found a shattered altar of Ashenzari.
  3001 | D:3      | Found a faded altar of an unknown god.
  3190 | D:3      | Reached XP level 6. HP: 48/52 MP: 5/5
  3253 | D:3      | Reached *** piety under Trog
  3293 | D:3      | Noticed Sigmund
  3307 | D:3      | Killed Sigmund
  3540 | D:4      | Found a shattered altar of Ashenzari.
  3583 | D:4      | Found a staircase to the Ecumenical Temple.
  3622 | D:4      | Noticed a slave
  3623 | D:4      | Noticed a slave
  3624 | D:4      | Noticed Pikel
  3627 | D:4      | Noticed a slave
  3628 | D:4      | Noticed Natasha
  3631 | D:4      | Noticed a slave
  3649 | D:4      | Killed a slave
  3650 | D:4      | Killed Pikel
  3650 | D:4      | Reached XP level 7. HP: 23/58 MP: 6/6
  3652 | D:4      | Killed Natasha
  3701 | D:4      | Noticed Psaro's ghost (amateur MfSu)
  3727 | D:4      | Killed Psaro's ghost
  3727 | D:4      | Reached XP level 8. HP: 66/66 MP: 7/7
  3781 | D:4      | Found a bloodstained altar of Trog.
  3863 | D:4      | Noticed Grinder
  3873 | D:4      | Killed Grinder
  3902 | D:4      | Noticed Robin
  3931 | D:4      | Killed Robin
  3952 | D:4      | Killed Natasha
  3972 | D:4      | Killed Natasha
  4013 | D:4      | Found a snail-covered altar of Cheibriados.
  4174 | D:4      | Got a jewelled mace
  4394 | D:4      | Found a glowing silver altar of Zin.
  4594 | D:4      | Found a runed door.
  4598 | D:4      | Noticed Crazy Yiuf
  4606 | D:4      | Killed Crazy Yiuf
  4613 | D:4      | Got an iridescent mace
  4614 | D:4      | Identified the +7 mace "Glorpo" {crush, *Drain rF+ Str+2} (You found it on level 4 of the Dungeon)
  4615 | D:4      | Identified the +4 mace of Cheese {crush, Str+4} (You found it on level 4 of the Dungeon)
  4656 | D:5      | Entered Level 5 of the Dungeon
  4999 | D:5      | Reached XP level 9. HP: 71/71 MP: 8/8
  5057 | D:5      | Found an ancient bone altar of Kikubaaqudgha.
  5057 | D:5      | Found a deep blue altar of Sif Muna.
  5119 | D:5      | Reached **** piety under Trog
  5459 | D:5      | Found a sparkling altar of Nemelex Xobeh.
  5575 | D:6      | Found a white marble altar of Elyvilon.
  5741 | D:6      | Reached skill level 3 in Armour
  5787 | D:6      | Reached skill level 4 in Armour
  6031 | D:6      | Found a stormy altar of Qazlal.
  6154 | D:7      | Reached skill level 5 in Armour
  6395 | D:7      | Reached skill level 6 in Armour
  6446 | D:7      | Reached skill level 7 in Armour
  6536 | D:7      | Reached ***** piety under Trog
  6860 | D:8      | Noticed Psaro's ghost (novice TrHu)
  6882 | D:8      | Killed Psaro's ghost
  6882 | D:8      | Reached skill level 9 in Armour
  6882 | D:8      | Reached XP level 10. HP: 49/78 MP: 9/9
  6919 | D:8      | Noticed a cyclops
  6928 | D:8      | Killed a cyclops
  6928 | D:8      | Reached skill level 10 in Armour
  7414 | D:8      | Got a pair of shimmering gloves
  7425 | D:8      | Identified the +0 pair of gloves "Duth" {Int+5} (You found it on level 8 of the Dungeon)
  7450 | D:8      | Found an opulent altar of Gozag.
  7568 | D:9      | Reached skill level 11 in Armour
  7638 | D:9      | Reached skill level 12 in Armour
  7711 | D:9      | Found a shadowy altar of Dithmenos.
  7765 | D:9      | Received a gift from Trog
  7776 | D:9      | Found a basalt altar of Yredelemnul.
  7860 | D:9      | Found an iron altar of Okawaru.
  7979 | D:10     | Entered Level 10 of the Dungeon
  7991 | D:10     | Noticed Arkorax's ghost (journeyman FoFi)
  8068 | D:10     | Killed an unseen horror
  8068 | D:10     | Reached skill level 13 in Armour
  8068 | D:10     | Reached XP level 11. HP: 82/83 MP: 10/10
  8106 | D:10     | Killed an unseen horror
  8268 | D:10     | Reached skill level 14 in Armour
  8813 | D:10     | Killed Arkorax's ghost
  9045 | D:10     | Reached skill level 15 in Armour
  9536 | D:10     | Found a portal to a secret trove of treasure.
  9704 | D:11     | Noticed a cyan ugly thing
  9711 | D:11     | Killed a cyan ugly thing
  9785 | D:11     | Noticed a hill giant
  9808 | D:11     | HP: 6/124 [something (1)]
  9809 | D:11     | Killed an unseen horror
  9809 | D:11     | Reached skill level 16 in Armour
  9814 | D:11     | Killed a hill giant
  9817 | D:11     | Noticed a white ugly thing
 10163 | D:11     | Found a staircase to the Orcish Mines.
 10174 | D:11     | Noticed a five-headed hydra
 10189 | D:11     | Killed a five-headed hydra
 10189 | D:11     | Reached XP level 12. HP: 58/90 MP: 11/11
 10241 | D:11     | Reached skill level 17 in Armour
 10429 | D:11     | Found a stormy altar of Qazlal.
 10576 | D:11     | Found a staircase to the Lair.
 10746 | Lair:1   | Entered Level 1 of the Lair of Beasts
 10942 | Lair:1   | Reached skill level 5 in Fighting
 11921 | Lair:2   | Noticed a death yak
 11921 | Lair:2   | Noticed a death yak
 11921 | Lair:2   | Noticed a death yak
 11921 | Lair:2   | Noticed a death yak
 11921 | Lair:2   | Noticed a death yak
 11923 | Lair:2   | Noticed a death yak
 11945 | Lair:2   | Killed a death yak
 11955 | Lair:2   | HP: 5/100 [death yak (10)]
 12248 | Lair:2   | Killed a death yak
 12248 | Lair:2   | HP: 5/154 [death yak (16)]
 12575 | Lair:2   | Noticed a seven-headed hydra
 12589 | Lair:2   | Killed a seven-headed hydra
 13231 | Lair:2   | Killed a death yak
 13231 | Lair:2   | Reached skill level 10 in Fighting
 13415 | Lair:2   | Killed a death yak
 13419 | Lair:2   | Killed a death yak
 13425 | Lair:2   | Killed a death yak
 14480 | Lair:3   | Noticed Gastronok
 14502 | Lair:3   | Killed Gastronok
 14502 | Lair:3   | Reached XP level 13. HP: 78/117 MP: 12/12
 15460 | Lair:3   | Noticed Nergalle
 15463 | Lair:3   | Noticed Snorg
 15486 | Lair:3   | Killed Nergalle
 15493 | Lair:3   | Mangled by Snorg

Vault maps used:
D:1:      evilmike_arrival_run_for_it
D:2:      marbit_many_paths
D:3:      ecumenical_altar_1, ashenzari_altar_1, uniq_sigmund
D:4:      cheibriados_altar_1, lemuel_round_altar, lemuel_crystal_altar,
          kennysheep_little_box, first_bread, st_stairs_12,
          hangedman_decor_opposing, kennysheep_generic_room_12, uniq_grinder,
          uniq_pikel, uniq_crazy_yiuf_cottage, uniq_robin, uniq_natasha
D:5:      gammafunk_temple_overflow_statue, nemelex_dance_club_becter
D:6:      nicolae_qazlal_general_emergency, elyvilon_altar_4
D:7:      kennysheep_generic_room_4
D:8:      grunt_gozag_statues
D:9:      yredelemnul_altar_generic, nicolae_overflow_crystal_walls,
          okawaru_humans
D:10:     nicolae_trove_entry_crystal, hangedman_fish_farm,
          kennysheep_generic_room_9
D:11:     minmay_four_partial_circles, grunt_lair_entry_orc_guard_hut,
          basic_altar
Lair:2:   minmay_lair_oklob_items
Lair:3:   grunt_forest_large_clearing_hut, uniq_snorg, uniq_nergalle,
          uniq_gastronok

Skill      XL: |  1  2  3  4  5  6  7  8  9 10 11 12 13 |
---------------+----------------------------------------+-----
Axes           | 4 5 6 7 11 13 14 | 14.7
Armour         | 9 13 16 17 | 17.4
Fighting       | 12 13 | 13.3
Dodging        | |  2.2

Action                   |  1- 3 |  4- 6 |  7- 9 | 10-12 | 13-15 || total
-------------------------+-------+-------+-------+-------+-------++-------
Melee: Hand axe          |    78 |   143 |   136 |       |       ||   357
       Headbutt          |    15 |    25 |    56 |   198 |    21 ||   315
       Mace              |       |       |   215 |   815 |   104 ||  1134
Invok: Berserk           |     1 |     2 |     2 |     9 |     3 ||    17
       Trog's Hand       |       |     3 |     4 |    31 |     4 ||    42
       Burn Spellbooks   |       |       |     1 |       |       ||     1
       Brothers in Arms  |       |       |       |     2 |       ||     2
  Use: Scroll            |       |       |       |    25 |       ||    25
  Eat: Chunk             |     3 |     8 |    14 |    35 |     1 ||    61
       Beef jerky        |       |       |     1 |     1 |       ||     2
       Bread ration      |       |       |       |     3 |     1 ||     4
       Meat ration       |       |       |       |     1 |       ||     1
Armor: Animal skin       |    17 |     9 |       |       |       ||    26
       Chain mail        |       |    59 |   131 |   625 |    92 ||   907
       Troll leather arm |       |       |       |     1 |       ||     1
Dodge: Dodged            |    63 |    83 |   126 |   453 |    67 ||   792
